Map: Аура смерти РВ

Players

Bublic - Winner!

  • Race: Protoss Protoss
  • League: Master
  • Spawn Location: 5:00

RedHood

  • Race: Protoss Protoss
  • Spawn Location: 11:00

VOD

Have the link to the VOD?

Description

Time

  • Played on: Nov. 30, 2020, 2:04 p.m.
  • Length: 9:34
Show
View Real Time Build Order
Export as new Build Order

Bublic Protoss - Winner!

Build Orders: Oracle Opening, Zealot Archon 

Get SALT Encoding   

  12  0:00  Probe  
  13  0:12  Probe  
  14  0:17  Pylon  
  14  0:24  Probe (Chrono Boost)  
  16  0:37  Probe (Chrono Boost)  
  16  0:38  Gateway  
  16  0:43  Probe (Chrono Boost)  
  16  0:46  Assimilator  
  17  0:53  Probe  
  17  0:55  Assimilator  
  18  1:06  Probe (Chrono Boost)  
  18  1:09  Gateway  
  19  1:17  Probe (Chrono Boost)  
  20  1:22  Probe (Chrono Boost)  
  21  1:25  Cybernetics Core  
  21  1:33  Probe  
  22  1:45  Probe  
  23  1:54  Pylon  
  23  2:04  Warp Gate  
  23  2:12  Stalker x2, Probe  
  28  2:21  Stargate  
  28  2:25  Probe  
  28  2:27  Pylon  
  29  2:30  Pylon  
  29  2:41  Probe  
  30  2:53  Stalker x2  
  30  2:57  Pylon  
  34  2:59  Probe  
  34  3:04  Oracle (Chrono Boost)  
  38  3:17  Shield Battery  
  38  3:37  Nexus  
  38  3:43  Oracle (Chrono Boost)  
  41  3:48  Probe  
  42  3:55  Sentry  
  42  4:00  Probe  
  45  4:13  Probe  
  45  4:16  Pylon  
  46  4:25  Probe  
  47  4:31  Twilight Council  
  47  4:34  Forge  
  47  4:37  Probe  
  48  4:45  Adept  
  50  4:48  Adept  
  50  4:49  Probe (Chrono Boost)  
  50  4:52  Probe (Chrono Boost)  
  55  5:00  Probe (Chrono Boost)  
  55  5:02  Probe (Chrono Boost)  
  55  5:03  Protoss Ground Weapons Level 1 (Chrono Boost)  
  55  5:05  Probe (Chrono Boost)  
  57  5:07  Probe (Chrono Boost)  
  57  5:12  Templar Archives  
  58  5:15  Probe  
  59  5:48  Probe x2  
  59  5:49  Stalker x2  
  61  5:56  Assimilator  
  61  5:59  Assimilator  
  61  6:00  Probe x2, Pylon  
  63  6:07  Nexus  
  63  6:09  Pylon  
  63  6:11  Pylon  
  63  6:12  Probe x2, Gateway  
  63  6:16  High Templar  
  67  6:18  Gateway  
  67  6:21  Gateway  
  67  6:24  Robotics Facility, Probe  
  68  6:30  Probe  
  69  6:36  Probe  
  70  6:43  Probe  
  71  6:48  Probe  
  71  6:52  High Templar  
  74  6:55  Probe  
  74  6:56  Gateway  
  74  6:58  Archon  
  74  6:59  Gateway, Protoss Ground Weapons Level 2 (Chrono Boost)  
  74  7:00  Probe  
  76  7:01  Gateway  
  76  7:04  Pylon  
  76  7:10  Pylon  
  76  7:12  Pylon  
  76  7:14  Warp Prism  
  78  7:19  High Templar  
  78  7:20  High Templar  
  82  7:29  Probe (Chrono Boost)  
  85  7:35  Probe x2 (Chrono Boost)  
  85  7:36  Zealot x3  
  91  7:37  Archon  
  91  7:40  Probe (Chrono Boost)  
  91  7:43  Probe x2 (Chrono Boost)  
  91  7:47  Charge (Chrono Boost)  
  91  7:49  Pylon  
  91  7:51  High Templar, Pylon  
  91  7:52  High Templar  
  91  7:56  Archon  
  95  7:58  Probe x2  
  95  7:59  Probe  
  98  8:07  Assimilator  
  98  8:08  Assimilator, Shield Battery  
  98  8:09  Photon Cannon  
  98  8:10  Probe, Pylon  
  98  8:12  Photon Cannon  
  99  8:15  Photon Cannon  
  99  8:25  High Templar x2  
  103  8:29  Archon  
  103  8:33  Zealot x6  
  115  8:49  Pylon  
  115  8:50  Pylon  
  115  8:53  High Templar x2  
  115  8:55  Zealot x4  
  127  8:57  Zealot x2  
  127  8:59  Archon  
  131  9:16  Zealot x4  
  139  9:23  Zealot x2  
Show
View Real Time Build Order
Export as new Build Order

RedHood Protoss 

Build Orders: Zealot Archon 

Get SALT Encoding   

  12  0:00  Probe  
  13  0:12  Probe  
  14  0:18  Pylon  
  14  0:24  Probe (Chrono Boost)  
  15  0:38  Probe (Chrono Boost)  
  15  0:39  Gateway  
  16  0:44  Probe (Chrono Boost)  
  16  0:46  Assimilator  
  17  0:52  Probe  
  17  0:55  Assimilator  
  18  1:04  Probe  
  18  1:09  Gateway  
  19  1:16  Probe  
  20  1:28  Probe  
  21  1:34  Cybernetics Core  
  21  1:40  Probe  
  21  1:44  Pylon  
  22  1:53  Probe  
  23  2:10  Stalker x2  
  23  2:13  Warp Gate  
  23  2:15  Probe  
  28  2:25  Pylon  
  28  2:28  Probe  
  29  2:40  Pylon  
  29  2:45  Stalker  
  29  2:46  Sentry  
  33  2:53  Probe  
  35  3:05  Probe  
  35  3:07  Nexus  
  35  3:17  Probe  
  36  3:27  Twilight Council  
  36  3:29  Probe  
  36  3:30  Pylon  
  37  3:37  Shield Battery  
  37  3:42  Probe  
  38  3:49  Shield Battery  
  38  3:54  Probe  
  39  4:01  Blink (Chrono Boost)  
  39  4:06  Probe  
  40  4:10  Stalker  
  34  4:18  Probe  
  34  4:26  Stalker  
  36  4:36  Probe (Chrono Boost)  
  36  4:37  Probe (Chrono Boost)  
  38  4:48  Probe x2 (Chrono Boost)  
  38  4:50  Forge  
  40  4:54  Pylon  
  40  5:03  Probe  
  40  5:04  Probe  
  40  5:05  Stalker  
  44  5:07  Sentry  
  46  5:15  Probe  
  46  5:16  Templar Archives  
  46  5:18  Probe  
  48  5:25  Assimilator  
  48  5:27  Assimilator  
  36  5:44  Probe x2  
  36  5:49  Stalker x2  
  40  5:56  Probe (Chrono Boost)  
  42  5:57  Probe (Chrono Boost)  
  42  6:08  Probe (Chrono Boost)  
  42  6:09  Probe (Chrono Boost)  
  44  6:14  Protoss Ground Weapons Level 1  
  44  6:16  Probe x2 (Chrono Boost)  
  46  6:23  Probe x2  
  48  6:33  High Templar  
  48  6:35  Probe (Chrono Boost)  
  52  6:41  Probe (Chrono Boost)  
  52  6:42  High Templar  
  52  6:45  Probe (Chrono Boost)  
  50  6:53  Archon  
  49  6:55  Probe (Chrono Boost)  
  49  6:57  Probe (Chrono Boost)  
  49  6:59  Photon Cannon  
  51  7:05  Photon Cannon  
  51  7:07  Probe (Chrono Boost)  
  53  7:13  Probe (Chrono Boost)  
  53  7:14  Probe (Chrono Boost)  
  54  7:17  Stalker  
  54  7:20  Probe  
  54  7:21  Stalker, Probe  
  60  7:33  Probe (Chrono Boost)  
  60  7:34  Probe (Chrono Boost)  
  63  7:44  Probe (Chrono Boost)  
  63  7:45  Probe (Chrono Boost)  
  63  7:49  Probe (Chrono Boost)  
  63  7:50  Probe (Chrono Boost)  
  66  8:07  Probe x2  
  68  8:13  Gateway  
  68  8:14  Gateway  
  68  8:29  Probe x2, Gateway x2  
  68  8:31  Gateway  
  68  8:32  Gateway  
  70  8:41  Pylon  
  70  8:43  Pylon  
  70  8:59  Probe  
  70  9:00  High Templar x2  
  75  9:12  High Templar  
  75  9:13  Nexus, Pylon  
  75  9:14  Archon  
Tags
 
Add a new tag
Caveats
  • Supply blocks, unpowered buildings, or Contaminate may cause inaccurate times.
  • Supply counts are checked every 10 seconds.